 Dungeon Crawl Stone Soup version 5.7-8-g3a8b389 (webtiles) character file.

30 justtesting the Charmwright (level 3, 0/27 HPs)
             Began as a Jiangshi Skald on Sept 30, 2018.
             Slain by a worker ant (6 damage)
             ... on level 3 of the Dungeon.
             The game lasted 00:05:29 (2250 turns).

justtesting the Charmwright (Jiangshi Skald)        Turns: 2250, Time: 00:05:30

Health: 0/27       AC:  4 (14%)Str: 11  XL:     3   Next: 87%
Magic:  5/5        EV: 11    Int: 15    God:
Gold:   122        SH:  0    Dex: 13    Spells: 0/6 levels left

rFire    . . .     SeeInvis +   a - +0 rapier
rCold    + . .     Faith    .   (no shield)
rNeg     + + .     Spirit   .   b - +0 leather armour
rPois    +         Reflect  .   (no helmet)
rElec    .                      (no cloak)
rCorr    .                      h - +0 pair of gloves
MR       .....                  (no boots)
Stlth    +++.......             (no amulet)
Regen    0.1/turn               (no ring)
MPRegen  0.2/turn               (no ring)

@: no status effects
A: hp from kills, fangs 3, see invisible, cold resistance 1, negative energy
resistance 2, poison resistance, unbreathing, MP-powered wands, stiff legs 1
a: Hop


You were on level 3 of the Dungeon.
You were not thirsty.

You visited 1 branch of the dungeon, and saw 3 of its levels.

You collected 122 gold pieces.

Inventory:

Hand Weapons
 a - a +0 rapier (weapon)
 d - a +0 dagger
Armour
 b - a +0 leather armour (worn)
 h - a +0 pair of gloves (worn)
Scrolls
 c - a scroll of enchant armour
 e - a scroll of amnesia
 f - 3 scrolls of enchant weapon
Potions
 g - a potion of haste


   Skills:
 - Level 1.9 Fighting
 + Level 3.2 Blades
 - Level 0.7 Armour
 - Level 1.1 Dodging
 + Level 1.9 Stealth
 * Level 5.2 Charms


You couldn't memorise any spells.
You knew the following spells:

 Your Spells              Type           Power        Failure   Level  Hunger
a - Infusion              Chrm           15 (25)      4%          1    N/A
b - Song of Slaying       Chrm           15 (100)     6%          2    N/A
c - Regeneration          Chrm/Necr      7 (200)      36%         3    N/A

Your spell library contained the following spells:

 Spells                   Type           Power        Failure   Level  Hunger
 Ozocubu's Armour         Chrm/Ice       7 (100)      77%         4    N/A
 Spectral Weapon          Chrm/Summ      7 (100)      98%         5    N/A

Dungeon Overview and Level Annotations

Branches:
Dungeon (3/15)

Altars:
Dithmenos
Jiyva
Nemelex Xobeh
Okawaru
Qazlal
Vehumet
Xom
Zin


Innate Abilities, Weirdness & Mutations

You sometimes restore health when killing living enemies.
You have razor-sharp teeth.
You have supernaturally acute eyesight. (SInv)
Your flesh is cold resistant. (rC+)
You are quite resistant to negative energy. (rN++)
Your system is resistant to poisons. (rPois)
You can survive without breathing.
You can hop short distances.
You expend magic power (3 MP) to strengthen your wands.


Message History

The worker ant bites you but does no damage.
You closely miss the worker ant.
The worker ant is lightly wounded.
The worker ant barely misses you.
You closely miss the worker ant.
The worker ant is lightly wounded.
The worker ant bites you (4). x2
* * * LOW HITPOINT WARNING * * *
You barely miss the worker ant.
The worker ant is lightly wounded.
The worker ant closely misses you.
You barely miss the worker ant.
You bite the worker ant, but do no damage.
The worker ant is lightly wounded.
The worker ant bites you (2).
* * * LOW HITPOINT WARNING * * *
You closely miss the worker ant.
The worker ant is lightly wounded.
The worker ant bites you (6).
You die...

####...#### #
#...g.....#.#
#...._.......
#............
####...###.## .#
#E#...#E#.# .#
###...###.###.#
#########g...........#
#....@aggr.....#.#...
#.########.....#.#..#
#.# #.......#..# #.#
#.##.####..# #.#
###.##.####..# #.#
#............# #.#
#.....#####..## #.#
#.....# #...# ####.##
#.....# ###.#


You could see a worker ant, a gnoll, 2 hobgoblins and a rat.

Vanquished Creatures
  An adder (D:2)
  A dart slug (D:2)
  3 orcs (D:3)
  3 quokkas
  A ball python (D:2)
  7 bats
  6 giant cockroaches
  5 goblins
  3 jackals (D:2)
  3 kobolds
  3 frilled lizards
  8 rats
44 creatures vanquished.

Notes
Turn   | Place    | Note
-------+----------+-------------------------------------------
     0 | D:1      | justtesting the Jiangshi Skald began the quest for the Orb.
     0 | D:1      | Reached XP level 1. HP: 16/16 MP: 2/2
   165 | D:1      | Reached XP level 2. HP: 21/22 MP: 4/4
   167 | D:1      | Learned a level 2 spell: Song of Slaying
   493 | D:1      | Reached skill level 1 in Stealth
   800 | D:1      | Gained mutation: You expend magic power (3 MP) to strengthen your wands. [mutagenic hatch]
   800 | D:2      | Found a radiant altar of Vehumet.
   912 | D:2      | Reached XP level 3. HP: 17/27 MP: 5/5
  1127 | D:2      | Found a shadowy altar of Dithmenos.
  1210 | D:2      | Reached skill level 5 in Charms
  1395 | D:2      | Found a viscous altar of Jiyva.
  1395 | D:2      | Found a shimmering altar of Xom.
  1395 | D:2      | Found a sparkling altar of Nemelex Xobeh.
  1395 | D:2      | Found a faded altar of an unknown god.
  1395 | D:2      | Found a shimmering altar of Xom.
  1395 | D:2      | Found a shimmering altar of Xom.
  1403 | D:2      | Found a shimmering altar of Xom.
  1405 | D:2      | Found a shimmering altar of Xom.
  1405 | D:2      | Found a shimmering altar of Xom.
  1406 | D:2      | Found a shimmering altar of Xom.
  1865 | D:2      | Found a glowing silver altar of Zin.
  1917 | D:3      | Found a stormy altar of Qazlal.
  1917 | D:3      | Noticed a fire elemental
  1918 | D:3      | Noticed an air elemental
  1919 | D:3      | Noticed an earth elemental
  1919 | D:3      | Noticed a water elemental
  2093 | D:3      | Learned a level 3 spell: Regeneration
  2216 | D:3      | Found an iron altar of Okawaru.
  2250 | D:3      | Slain by a worker ant

Skill      XL: |  1  2  3 |
---------------+----------+-----
Stealth        | 1 |  1.9
Blades         | 3 |  3.2
Charms         | 5 |  5.2
Fighting       | |  1.9
Armour         | |  0.7
Dodging        | |  1.1

Action                   || total
-------------------------++-------
Melee: Rapier            ||   174
       Bite              ||    10
 Stab: Sleeping          ||     8
Armor: Leather armour    ||    61
Dodge: Dodged            ||   136
